 Dungeon Crawl Stone Soup version 0.20.1-1-g8b1a95d (webtiles) character file.

322 LiquoriceLizzard the Chiller (level 6, -3/43 HPs)
             Began as a Merfolk Ice Elementalist on Nov 4, 2017.
             Slain by a bullfrog (6 damage)
             ... in a sewer.
             The game lasted 00:32:45 (3637 turns).

LiquoriceLizzard the Chiller (MfIE)                 Turns: 3637, Time: 00:32:46

Health: -3/43      AC:  2    Str:  8    XL:     6   Next: 47%
Magic:  1/12       EV: 18    Int: 15    God:
Gold:   77         SH:  0    Dex: 16    Spells: 10/13 levels left

rFire    . . .     SeeInvis .   r - +2 dagger (speed)
rCold    . . .     Gourm    .   (no shield)
rNeg     . . .     Faith    .   a - +0 robe
rPois    .         Spirit   .   (no helmet)
rElec    .         Reflect  .   (no cloak)
rCorr    .         Harm     .   (no gloves)
MR       .....                  (boots currently unavailable)
Stlth    +++.......             (no amulet)
Regen    0.2/turn               (no ring)
MPRegen  0.2/turn               (no ring)

@: very quick
A: change form in water, swift swim, stealthy swim
a: no special abilities


You were in a sewer.
You were not hungry.

You visited 1 branch of the dungeon, and saw 4 of its levels.
You also visited: Sewer.

You collected 77 gold pieces.

Inventory:

Hand Weapons
 l - a +1 dagger of pain
 r - a +2 dagger of speed (weapon)
Missiles
 n - 2 throwing nets (quivered)
Armour
 a - a +0 robe (worn)
Jewellery
 g - an uncursed amulet of regeneration {unknown}
 i - an uncursed ring of positive energy {unknown}
Scrolls
 d - a scroll of teleportation {unknown}
 e - 2 scrolls of blinking {unknown}
 f - a scroll of enchant armour {unknown}
 j - a scroll of identify {unknown}
 p - a scroll of amnesia {unknown}
 t - a scroll of remove curse {unknown}
Potions
 h - 2 potions of lignification
Books
 b - a book of Frost

   Spells                             Type                      Level
   a - Freeze                         Ice                          1
   b - Throw Frost                    Conjuration/Ice              2
   c - Ozocubu's Armour               Charms/Ice                   3
   d - Throw Icicle                   Conjuration/Ice              4
   e - Summon Ice Beast               Ice/Summoning                4
Comestibles
 c - 4 bread rations
 o - 4 fruits
 q - a meat ration
 s - 8 chunks of flesh


   Skills:
 + Level 1.2 Fighting
 + Level 3.9 Dodging
 + Level 2.9 Stealth
 + Level 4.0 Spellcasting
 + Level 1.2 Conjurations
 + Level 5.2 Ice Magic


You had 10 spell levels left.
You knew the following spells:

 Your Spells              Type           Power        Failure   Level  Hunger
a - Freeze                Ice            ###.         2%          1    None
b - Throw Frost           Conj/Ice       ##....       7%          2    ##.....


Dungeon Overview and Level Annotations

Branches:
Dungeon (4/15)
 Temple: D:4-7

Altars:
Qazlal

Annotations:
D:3 Natasha, Robin


Message History

The bullfrog hits you.
* * * LOW HITPOINT WARNING * * *
You closely miss the bullfrog.
The bullfrog is heavily wounded.
The bullfrog hits you.
* * * LOW HITPOINT WARNING * * *
You hit the bullfrog.
Your tail-slap misses the bullfrog.
The bullfrog is severely wounded.
The bullfrog closely misses you.
You completely miss the bullfrog.
The bullfrog is severely wounded.
The bullfrog closely misses you.
You closely miss the bullfrog.
The bullfrog is severely wounded.
The bullfrog completely misses you. The bullfrog hits you.
* * * LOW HITPOINT WARNING * * *
You closely miss the bullfrog.
The bullfrog is severely wounded.
The bullfrog hits you.
You die...

#≈.#≈###≈≈# #≈.##≈≈#
#≈.#≈#≈≈≈## ##÷≈#≈≈#
#≈≈#≈#∩≈≈# ≈ #≈≈#≈≈#
#..#≈#≈≈.# .≈ #≈≈#≈≈#
#≈≈#≈##≈.# .?≈ #≈≈#≈≈#
#.≈#.≈#≈≈# ≈?.. #≈.#≈≈#
#≈.#≈≈#≈.# ≈$$(. #≈≈#≈.#
#.≈≈≈≈#..##≈.≈..≈ ##≈≈#≈≈#
#≈≈≈≈.#.≈@†.≈≈.≈≈ #÷≈##≈≈#
#.≈≈≈.###†F≈≈≈.≈≈##≈≈#≈≈≈#
#######.###≈≈≈≈≈##≈≈≈#≈.##
#≈≈≈≈.#######≈.≈##≈≈#
#≈≈≈.≈≈.÷≈÷≈≈≈≈≈#≈.≈#
##≈≈##≈≈≈≈≈≈≈.≈##≈≈##
##≈≈##≈≈≈≈.≈≈##÷≈≈#
#≈≈.###≈≈≈###≈≈≈≈#
#≈.≈≈≈#####≈≈≈≈≈##


You could see a bullfrog.

Vanquished Creatures
  An orc wizard (D:3)
  A worker ant (D:4)
  3 gnolls (D:3)
  9 adders
  4 oozes
  2 worms
  A dart slug (D:4)
  17 leopard geckos
  An orc (D:2)
  11 giant cockroaches
  6 goblins
  11 hobgoblins
  13 jackals
  A quokka (D:2)
  11 ball pythons (Sewer)
  A bat (D:1)
  17 frilled lizards
  8 kobolds
  7 rats
125 creatures vanquished.

Vanquished Creatures (others)
  A minotaur (D:1)
  3 gargoyles (D:1)
  An elf (D:1)
  A vine stalker (D:1)
  A spriggan (D:1)
  2 vampires (D:1)
  3 kobolds (D:1)
  4 tentacles (D:1)
16 creatures vanquished.

Grand Total: 141 creatures vanquished

Notes
Turn   | Place    | Note
-------+----------+-------------------------------------------
     0 | D:1      | LiquoriceLizzard the Merfolk Ice Elementalist began the quest for the Orb.
     0 | D:1      | Reached XP level 1. HP: 13/13 MP: 3/3
     0 | D:1      | Noticed a spriggan
     0 | D:1      | Noticed a vine stalker
     0 | D:1      | Noticed a vampire
     0 | D:1      | Noticed a kraken
     0 | D:1      | Noticed an elf
     0 | D:1      | Noticed a gargoyle
     0 | D:1      | Noticed a vampire
     0 | D:1      | Noticed a minotaur
     0 | D:1      | Noticed a gargoyle
     0 | D:1      | Noticed a gargoyle
     4 | D:1      | Killed a minotaur
     5 | D:1      | Killed a gargoyle
     6 | D:1      | Killed a gargoyle
     6 | D:1      | Killed a vampire
     8 | D:1      | Killed a gargoyle
     8 | D:1      | Killed a vampire
    10 | D:1      | Killed an elf
    11 | D:1      | Killed a spriggan
    11 | D:1      | Killed a vine stalker
   424 | D:1      | Reached XP level 2. HP: 19/19 MP: 1/5
   462 | D:1      | Learned a level 2 spell: Throw Frost
   954 | D:1      | Reached XP level 3. HP: 24/24 MP: 4/6
  1105 | D:2      | Reached skill level 4 in Ice Magic
  1214 | D:2      | Reached XP level 4. HP: 25/31 MP: 2/8
  1533 | D:3      | Noticed Robin
  2006 | D:3      | Reached skill level 1 in Conjurations
  2183 | D:3      | Noticed Natasha
  2321 | D:3      | Reached XP level 5. HP: 21/36 MP: 3/9
  2768 | D:4      | Found a stormy altar of Qazlal.
  2771 | D:4      | Found a glowing drain.
  2795 | D:4      | Reached skill level 5 in Ice Magic
  2865 | Sewer    | Entered a sewer
  2940 | Sewer    | Reached skill level 1 in Fighting
  2940 | Sewer    | Reached XP level 6. HP: 31/43 MP: 1/11
  3637 | Sewer    | Slain by a bullfrog

Skill      XL: |  1  2  3  4  5  6 |
---------------+-------------------+-----
Dodging        | 3 |  3.9
Ice Magic      | 4 5 |  5.2
Spellcasting   | 3 4 |  4.0
Conjurations   | 1 |  1.2
Fighting       | 1 |  1.2
Stealth        | |  2.9

Action                   |  1- 3 |  4- 6 || total
-------------------------+-------+-------++-------
Melee: Unarmed           |    67 |   109 ||   176
       Dagger            |       |    75 ||    75
       Tailslap          |       |     3 ||     3
 Cast: Freeze            |    42 |   112 ||   154
       Throw Frost       |     9 |    45 ||    54
  Use: Potion            |       |     4 ||     4
 Stab: Invisible         |       |     3 ||     3
       Sleeping          |       |     1 ||     1
  Eat: Chunk             |     2 |    11 ||    13
Armor: Robe              |    11 |    32 ||    43
       Skin              |       |    13 ||    13
Dodge: Dodged            |    75 |   252 ||   327
